AoeStats
← iabarca

MegaRandom

503287635Analyzed
1v1 RM · 10d ago on Aug 31, 2026· 50m 13s· 2 players
Game mode
Random Map
Map size
Tiny (2 player)
Population
200
Speed
Normal
Resources
Standard
Victory
Conquest
Starting age
Dark Age
Ending age
Imperial Age
RankedLock teamsTeams togetherTeam positionsShared explorationLock speedFull tech treeHidden civsTurbo modeCheats
Victory
Defeat
🇨🇴 Italians · Colombia
950
+16
🇨🇱 Berbers · Chile
943
-16
iabarca
2:27 Loom
10:58 Feudal Age
11:53 Double-Bit Axe
13:25 Bloodlines
15:05 Forging
16:05 Horse Collar
21:29 Scale Barding Armor
24:16 Castle Age
26:33 Bow Saw
27:49 Iron Casting
27:34 Light Cavalry
28:10 Fletching
38:01 Imperial Age
37:15 Murder Holes
40:02 Husbandry
44:34 Blast Furnace
44:46 Hussar
Destroyer30585
6:29 Loom
9:34 Feudal Age
12:27 Horse Collar
15:04 Padded Archer Armor
15:12 Fletching
20:39 Castle Age
19:32 Stone Mining
22:44 Treadmill Crane
25:17 Leather Archer Armor
24:58 Bodkin Arrow
25:01 Double-Bit Axe
25:09 Town Watch
30:23 Heavy Plow
32:41 Ballistics
36:59 Imperial Age
36:39 Town Patrol
37:17 Wheelbarrow
38:04 Bracer
40:02 Chemistry
39:00 Murder Holes
39:15 Masonry
39:40 Conscription
42:10 Hoardings
43:18 Ring Archer Armor
44:10 Hand Cart
45:16 Elite Genoese Crossbowman
Connection lost

Rejoining the realm…

Still unreachable

The connection could not be restored.

Session expired

The server has moved on; the page needs a fresh start.